 Dungeon Crawl Stone Soup version 0.21.1-1-g345015f (webtiles) character file.

41 inc the Digger (level 3, -1/21 HPs)
             Began as an Octopode Earth Elementalist on June 10, 2018.
             Slain by a kobold (2 damage)
             ... on level 2 of the Dungeon.
             The game lasted 00:01:46 (1196 turns).

inc the Digger (Octopode Earth Elementalist)        Turns: 1196, Time: 00:01:47

Health: -1/21      AC:  1    Str:  7    XL:     3   Next: 52%
Magic:  2/6        EV: 13    Int: 18    God:
Gold:   70         SH:  0    Dex: 12    Spells: 2/6 levels left

rFire    . . .     SeeInvis .   (no weapon)
rCold    . . .     Gourm    .   (no shield)
rNeg     . . .     Faith    .   (helmet restricted)
rPois    .         Spirit   .   (no amulet)
rElec    .         Reflect  .   (no ring)
rCorr    .         Harm     .   (no ring)
MR       .....                  (no ring)
Stlth    +++.......             (no ring)
HPRegen  0.07/turn              (no ring)
MPRegen  0.10/turn              (no ring)
                                (no ring)
                                (no ring)

@: no status effects
A: almost no armour, stealthy swim, amphibious, 8 rings, constrict 8, camouflage
1, gelatinous body 1
a: no special abilities


You were on level 2 of the Dungeon.
You were very hungry.

You visited 1 branch of the dungeon, and saw 2 of its levels.

You collected 70 gold pieces.

Inventory:

Missiles
 b - 22 stones (quivered)
Scrolls
 a - 4 scrolls of identify {unknown}
 e - 2 scrolls of teleportation {unknown}
 g - a scroll of enchant armour {unknown}
 h - a scroll of fog {unknown}
Potions
 f - a potion of lignification {unknown}
Books
 d - a book of Geomancy

   Spells                             Type                      Level
   a - Sandblast                      Earth                        1
   b - Passwall                       Transmutation/Earth          2
   c - Stone Arrow                    Conjuration/Earth            3
   d - Petrify                        Transmutation/Earth          4
   e - Lee's Rapid Deconstruction     Earth                        5
Comestibles
 c - 4 rations


   Skills:
 - Level 2.0 Dodging
 - Level 2.6 Stealth
 - Level 2.0 Spellcasting
 + Level 1.3 Conjurations
   Level 1.0 Transmutations
 - Level 4.1 Earth Magic


You had 2 spell levels left.
You knew the following spells:

 Your Spells              Type           Power        Failure   Level  Hunger
a - Sandblast             Erth           ###...       3%          1    #......
b - Stone Arrow           Conj/Erth      ##....       17%         3    ###....


Dungeon Overview and Level Annotations

Branches:
Dungeon (2/15)

Altars:


Innate Abilities, Weirdness & Mutations

You cannot wear most types of armour.
You are very stealthy in the water. (Stealth+)
You are amphibious.
You can wear up to eight rings at the same time.
You can use your tentacles to constrict eight enemies at once.
Your skin changes colour to match your surroundings (Stealth+).
Your rubbery body absorbs attacks. (AC +1, EV +1)


Message History

The jackal barely misses you.
You tentacle-slap the jackal but do no damage.
The jackal is heavily wounded.
You constrict the jackal. The jackal bites you.
* * * LOW HITPOINT WARNING * * *
The jackal bites you.
* * * LOW HITPOINT WARNING * * *
The kobold barely misses you.
Casting: Stone Arrow
Confirm with . or Enter, or press ? or * to list all spells.
Aiming: Sandblast
Press: ? - help, Shift-Dir - straight line, f - jackal
Aim: a jackal (severely wounded, constricted by you)
Okay, then.
You tentacle-slap the jackal but do no damage.
The jackal is severely wounded.
You constrict the jackal.
You kill the jackal!
The kobold hits you.
You die...

### # #. #..
.# #. #.# ..
#.##.##.
##......
#....h.
#.#.#g#
#.#.#@## ####
#....K.# ....
#.#.#..#.....
#......#...
#.#........
#.#.##.##..
#.....<# ..
###.#### .
#.#


You could see a jackal, a goblin and a kobold.

Vanquished Creatures
  A dart slug (D:1)
  3 giant cockroaches
  4 goblins (D:1)
  7 hobgoblins
  5 jackals (D:2)
  3 kobolds (D:1)
  A ball python (D:2)
  2 bats (D:1)
  3 frilled lizards (D:1)
  6 rats (D:1)
35 creatures vanquished.

Notes
Turn   | Place    | Note
-------+----------+-------------------------------------------
     0 | D:1      | inc the Octopode Earth Elementalist began the quest for the Orb.
     0 | D:1      | Reached XP level 1. HP: 11/11 MP: 3/3
   193 | D:1      | Reached XP level 2. HP: 16/17 MP: 5/5
   446 | D:1      | Reached skill level 4 in Earth Magic
   717 | D:1      | Reached XP level 3. HP: 21/21 MP: 6/6
   722 | D:1      | Learned a level 3 spell: Stone Arrow
  1175 | D:2      | Reached skill level 1 in Conjurations
  1195 | D:2      | HP: 1/21 [jackal (1)]
  1196 | D:2      | Slain by a kobold

Skill      XL: |  1  2  3 |
---------------+----------+-----
Earth Magic    | 4 |  4.1
Conjurations   | 1 |  1.3
Dodging        | |  2.0
Stealth        | |  2.6
Spellcasting   | |  2.0
Transmutations | |  1.0

Action                   || total
-------------------------++-------
Melee: Unarmed           ||    74
       Constrict         ||    19
       Tentacles         ||     9
 Cast: Sandblast         ||    10
       Stone Arrow       ||     3
 Stab: Sleeping          ||     2
Armor: Skin              ||    17
Dodge: Dodged            ||    59
